 Dungeon Crawl Stone Soup version 0.30.0-5-g1a98f26d00 (webtiles) character file.

Game seed: 3652728631008274130

10481 workbot the Destroyer (level 11, -3/73 (83) HPs)
             Began as a Gnoll Conjurer on May 7, 2023.
             Was a Priest of Vehumet.
             Shot with an arrow by a centaur warrior (8 damage)
             ... while petrified by a basilisk
             ... on level 10 of the Dungeon on May 8, 2023.
             The game lasted 01:02:25 (11419 turns).

workbot the Destroyer (Gnoll Conjurer)             Turns: 11419, Time: 01:02:26

HP:   -3/73 (83)    AC: 12    Str:  6      XL:     11   Next: 62%
MP:   22/23         EV:  2    Int: 21 (23) God:    Vehumet [***...]
Gold: 181           SH:  0    Dex: 10      Spells: 8/27 levels left

rFire   + . .        g - +1 shortbow
rCold   + . .        (shield currently unavailable)
rNeg    + + +        f - +0 acid dragon scales
rPois   ∞            j - +1 hat {SInv}
rElec   +            (no cloak)
rCorr   +            (no gloves)
SInv    +            n - +2 pair of boots
Will    .....        r - amulet of regeneration
Stlth   +++          k - ring of wizardry
HPRegen 1.12/turn    b - ring of flight
MPRegen 0.18/turn

%: wizardry (x1)
@: brilliant, resistant, petrified, spiked, flying, heavily drained
A: fangs 1, strong nose, distributed training, talons 1, sense surroundings 1,
screaming 1
a: Renounce Religion


You were on level 10 of the Dungeon.
You worshipped Vehumet.
Vehumet was most pleased with you.
You visited 2 branches of the dungeon, and saw 11 of its levels.
You also visited: Bailey.

You collected 493 gold pieces.
You spent 312 gold pieces at shops.

Inventory:

Hand Weapons
 g - a +1 shortbow (weapon)
Armour
 f - +0 acid dragon scales (worn)
 j - a +1 hat of see invisible (worn)
 n - a +2 pair of boots (worn)
Jewellery
 b - a ring of flight (right hand)
 k - a ring of wizardry (left hand)
 r - an amulet of regeneration (around neck)
Wands
 a - a wand of flame (17)
 c - a wand of quicksilver (8)
 e - a wand of mindburst (1)
 t - a wand of roots (4)
 y - a wand of paralysis (2)
Scrolls
 d - 2 scrolls of amnesia
 p - a scroll of blinking
 u - 2 scrolls of fog
 z - 3 scrolls of teleportation
 B - a scroll of magic mapping
Potions
 h - a potion of heal wounds
 i - 2 potions of cancellation
 o - 4 potions of curing
 v - a potion of lignification
 w - a potion of magic
 A - a potion of flight


   Skills:
 + Level 6.7 Fighting
 + Level 6.7 Short Blades
 + Level 6.7 Long Blades
 + Level 6.7 Axes
 + Level 6.7 Maces & Flails
 + Level 6.7 Polearms
 + Level 6.7 Staves
 + Level 6.7 Ranged Weapons
 + Level 6.7 Throwing
 + Level 6.7 Armour
 + Level 8.2 Dodging
 + Level 8.0 Stealth
 + Level 6.7 Shields
 + Level 6.7 Unarmed Combat
 + Level 8.5 Spellcasting
 + Level 9.1 Conjurations
 + Level 5.5 Hexes
 + Level 5.5 Summonings
 + Level 5.5 Necromancy
 + Level 5.5 Translocations
 + Level 5.5 Transmutations
 + Level 5.5 Fire Magic
 + Level 5.5 Ice Magic
 + Level 5.5 Air Magic
 + Level 5.5 Earth Magic
 + Level 5.5 Poison Magic
 + Level 7.3 Invocations
 + Level 6.7 Evocations


You had 8 spell levels left.
You knew the following spells:

 Your Spells              Type           Power      Damage    Failure   Level
a - Magic Dart            Conj           100%       1d8       1%          1
b - Searing Ray           Conj           100%       2d8       1%          2
c - Momentum Strike       Conj/Tloc      100%       3d10      1%          2
d - Blink                 Tloc           96%        N/A       1%          2
e - Swiftness             Air            48%        N/A       1%          3
f - Kiss of Death         Conj/Necr      100%       2d13      1%          1
g - Airstrike             Air            24%        2d(4-20)  1%          4
h - Iskenderun's Mystic   Conj/Tloc      56%        2d12      1%          4

Your spell library contained the following spells:

 Spells                   Type           Power      Damage    Failure   Level
 Frozen Ramparts          Ice            96%        1d15      1%          3
 Necrotise                Necr           100%       1d9       1%          1
 Sandblast                Erth           96%        2d20      1%          1
 Shock                    Conj/Air       100%       1d9       1%          1
 Lesser Beckoning         Tloc           96%        N/A       1%          2
 Passwall                 Tmut/Erth      40%        N/A       1%          2
 Dazzling Flash           Conj/Hex       100%       N/A       1%          3
 Stone Arrow              Conj/Erth      100%       3d13      1%          3
 Vampiric Draining        Necr           48%        2d9       1%          3
 Fulminant Prism          Conj/Hex       28%        3d14      1%          4
 Agony                    Necr           48%        N/A       16%         5


Dungeon Overview and Level Annotations

Branches:
Dungeon (10/15)            Temple (1/1) D:5            Lair (0/5) D:8
    Orc (0/2) D:9          Bailey (visited)

Altars:
Ashenzari
Cheibriados
Dithmenos
Elyvilon
Fedhas
Gozag
Hepliaklqana
Kikubaaqudgha
Makhleb
Nemelex Xobeh
Okawaru
Qazlal
Ru
Sif Muna
Trog
Uskayaw
Vehumet
Wu Jian
Xom
Yredelemnul
Zin
The Shining One

Shops:
D:5 *   D:7 ??=

Annotations:
D:7 1 runed translucent door, Crazy Yiuf
D:9 Erolcha
D:10 1 transporter


Innate Abilities, Weirdness & Mutations

You have very sharp teeth.
Your uncanny sense of smell can sniff out nearby items.
Your experience applies equally to all skills.
You have sharp toenails.
You passively map a small area around you.
You occasionally shout uncontrollably at your foes.


Message History

The ogre mage flickers and vanishes for a moment.
Cast which spell? (? or * to list)
You feel a surge of power!
You erupt in a blast of force!
The mystic blast hits the basilisk!
The basilisk is moderately wounded.
The basilisk is knocked back by the mystic blast.
The basilisk slams into the translucent stone wall!
The basilisk is moderately wounded.
The centaur warrior shoots an arrow.
The arrow hits you! The arrow freezes you. The basilisk gazes at you.
Your limbs have turned to stone.
The centaur warrior shoots an arrow.
The arrow hits you! The arrow freezes you.
The manticore flicks its tail.
The volley of spikes misses you.
A manticore comes into view.
The centaur warrior shoots an arrow.
The arrow hits you! The arrow freezes you.
You have turned to stone.
The manticore flicks its tail.
The volley of spikes hits you!
The barbed spikes become lodged in your body.
The centaur warrior shoots an arrow.
The arrow hits you! The arrow freezes you.
The manticore flicks its tail.
The volley of spikes hits you!
The barbed spikes become lodged in your body.
The basilisk gazes at you.
The centaur warrior shoots an arrow.
The arrow hits you!!
* * * LOW HITPOINT WARNING * * *
The arrow freezes you.
* * * LOW HITPOINT WARNING * * *
The basilisk bites you but does no damage.
The centaur warrior shoots an arrow.
The arrow hits you!!
* * * LOW HITPOINT WARNING * * *
The arrow freezes you. The basilisk bites you!
* * * LOW HITPOINT WARNING * * *
The centaur warrior shoots an arrow.
The arrow barely misses you.
The arrow hits the basilisk!!
The arrow freezes the basilisk!
The basilisk dies!
The centaur warrior shoots an arrow.
The arrow hits you!
You die...

.# #.# #.......# # .# #.#
######.......# #
.#####.#########...##.......#####
.......................(.........
...########.....©.....########.##
...# #..#########..# #.# ...#
#.##8.....8##.# #.# ...#
#.#....†....#(# #.# ...#
#.#..#.@.#..#.# #.# ...#
#.#.#H.O.H#.#.# #.# ...#
#.#....l..$.#.# #.#
...#######.#.#c....#.#.#######.##
....))))...#..#...#.~#...........
.#####.###.#..$$.$$..#........>##
.# #.# #.##8$}©}.8##.........# .#
#.# #..#########..........# .#
#.# ##.....©..............#


You could see a centaur warrior, an ogre mage (invisible), 2 manticores and a
basilisk.

Vanquished Creatures
  Gastronok (D:7)
  A centaur warrior (D:9)
  A two-headed ogre (D:10)
  Urug (D:10)
  A gargoyle (D:10)
  Maggie (D:7)
  A troll (D:8)
  A shadow (D:10)
  2 vampires
  A wraith (D:10)
  7 yaks
  3 wyverns
  2 steam dragons
  A warg (D:9)
  2 vampire mosquitoes (D:6)
  An acid dragon (D:10)
  5 orc warriors
  2 sky beasts (D:7)
  An ogre (D:5)
  3 wolves (D:8)
  4 centaurs
  A phantom (D:6)
  A kobold brigand (D:10)
  A gnoll sergeant (D:5)
  3 bullfrogs
  3 scorpions
  11 wights (D:8)
  5 killer bees (D:9)
  A howler monkey (D:8)
  3 electric eels (D:8)
  2 lava snakes (D:10)
  6 hounds
  6 orc priests
  2 gnoll boudas (D:6)
  2 jellies
  A sleepcap (D:7)
  Terence (D:3)
  3 iguanas
  12 orc wizards
  16 gnolls
  6 adders
  A shadow imp (D:7)
  A worm (D:2)
  4 dart slugs
  43 orcs
  6 ball pythons
  5 endoplasms
  2 giant cockroaches
  8 goblins
  9 hobgoblins
  4 jackals (D:3)
  3 quokkas
  7 bats
  5 frilled lizards
  10 kobolds
  3 rats
239 creatures vanquished.

Vanquished Creatures (others)
  A basilisk (D:10)
1 creature vanquished.

Grand Total: 240 creatures vanquished

Notes
Turn   | Place    | Note
-------+----------+-------------------------------------------
     0 | D:1      | workbot the Gnoll Conjurer began the quest for the Orb.
     0 | D:1      | Reached XP level 1. HP: 13/13 MP: 6/6
   256 | D:1      | Reached XP level 2. HP: 19/19 MP: 5/7
   768 | D:1      | Reached skill level 5 in Spellcasting
   768 | D:1      | Reached XP level 3. HP: 25/25 MP: 5/9
   931 | D:2      | Learned a level 2 spell: Searing Ray
  1087 | D:2      | Reached skill level 1 in Invocations
  1376 | D:2      | Reached skill level 1 in Fighting
  1376 | D:2      | Reached skill level 1 in Short Blades
  1376 | D:2      | Reached skill level 1 in Long Blades
  1376 | D:2      | Reached skill level 1 in Axes
  1376 | D:2      | Reached skill level 1 in Maces & Flails
  1376 | D:2      | Reached skill level 1 in Polearms
  1376 | D:2      | Reached skill level 1 in Staves
  1376 | D:2      | Reached skill level 1 in Ranged Weapons
  1376 | D:2      | Reached skill level 1 in Throwing
  1376 | D:2      | Reached skill level 1 in Armour
  1376 | D:2      | Reached skill level 1 in Shields
  1376 | D:2      | Reached skill level 1 in Unarmed Combat
  1376 | D:2      | Reached skill level 1 in Evocations
  1633 | D:3      | Reached XP level 4. HP: 32/32 MP: 3/11
  1675 | D:3      | Reached skill level 1 in Hexes
  1675 | D:3      | Reached skill level 1 in Summonings
  1675 | D:3      | Reached skill level 1 in Necromancy
  1675 | D:3      | Reached skill level 1 in Translocations
  1675 | D:3      | Reached skill level 1 in Transmutations
  1675 | D:3      | Reached skill level 1 in Fire Magic
  1675 | D:3      | Reached skill level 1 in Ice Magic
  1675 | D:3      | Reached skill level 1 in Air Magic
  1675 | D:3      | Reached skill level 1 in Earth Magic
  1675 | D:3      | Reached skill level 1 in Poison Magic
  1873 | D:3      | Learned a level 2 spell: Momentum Strike
  1876 | D:3      | Learned a level 2 spell: Blink
  2096 | D:3      | Reached XP level 5. HP: 37/37 MP: 3/12
  2223 | D:3      | Noticed Terence
  2234 | D:3      | Killed Terence
  2667 | D:4      | Reached XP level 6. HP: 40/44 MP: 5/13
  3042 | D:4      | Reached skill level 5 in Dodging
  3470 | D:5      | Entered Level 5 of the Dungeon
  3572 | D:5      | Learned a level 3 spell: Swiftness
  3591 | D:5      | Noticed a steam dragon
  3601 | D:5      | Killed a steam dragon
  3666 | D:5      | Reached XP level 7. HP: 50/50 MP: 15/15
  3859 | D:5      | Reached skill level 5 in Stealth
  3987 | D:5      | Found Nuidehof's General Store.
  4038 | D:5      | Bought a wand of flame (8) for 72 gold pieces
  4089 | D:5      | Identified the +1 leather armour "Liaps" {rC- rCorr Dex+5}
  4137 | D:5      | Found a staircase to the Ecumenical Temple.
  4213 | Temple   | Entered the Ecumenical Temple
  4498 | Temple   | Became a worshipper of Vehumet
  4982 | D:6      | Noticed a vampire mosquito
  4982 | D:6      | Noticed a vampire mosquito
  5048 | D:6      | Reached XP level 8. HP: 54/58 MP: 6/16
  5741 | D:6      | Reached * piety under Vehumet
  5741 | D:6      | Offered knowledge of Kiss of Death by Vehumet.
  5940 | D:7      | Learned a level 1 spell: Kiss of Death
  5951 | D:7      | Found Ehekh's Magic Scroll Shop.
  5955 | D:7      | Noticed Maggie
  5963 | D:7      | Bought a scroll of teleportation for 39 gold pieces
  5963 | D:7      | Bought a scroll of identify for 26 gold pieces
  5971 | D:7      | Found Fefirire's Magic Scroll Shop.
  5972 | D:7      | Found a transporter.
  5974 | D:7      | Found Wewur's Jewellery Boutique.
  5996 | D:7      | Identified the +1 leather armour of Oleduruss {Dex+2}
  6155 | D:7      | Found an opulent altar of Gozag.
  6237 | D:7      | Reached XP level 9. HP: 58/65 MP: 12/18
  6418 | D:7      | Found a flagged portal.
  6431 | Bailey   | Entered a bailey
  6685 | D:7      | Killed Maggie
  6686 | D:7      | Reached skill level 8 in Conjurations
  6923 | D:7      | Found a hide-covered altar of Uskayaw.
  6943 | D:7      | Found a stormy altar of Qazlal.
  6959 | D:7      | Reached skill level 5 in Invocations
  7078 | D:7      | Found a runed translucent door.
  7079 | D:7      | Noticed Crazy Yiuf
  7116 | D:7      | Found a transporter.
  7126 | D:7      | Bought a ring of flight for 175 gold pieces
  7540 | D:8      | Noticed a troll
  7550 | D:8      | Killed a troll
  7799 | D:8      | Reached skill level 5 in Fighting
  7799 | D:8      | Reached skill level 5 in Short Blades
  7799 | D:8      | Reached skill level 5 in Long Blades
  7799 | D:8      | Reached skill level 5 in Axes
  7799 | D:8      | Reached skill level 5 in Maces & Flails
  7799 | D:8      | Reached skill level 5 in Polearms
  7799 | D:8      | Reached skill level 5 in Staves
  7799 | D:8      | Reached skill level 5 in Ranged Weapons
  7799 | D:8      | Reached skill level 5 in Throwing
  7799 | D:8      | Reached skill level 5 in Armour
  7799 | D:8      | Reached skill level 5 in Shields
  7799 | D:8      | Reached skill level 5 in Unarmed Combat
  7799 | D:8      | Reached skill level 5 in Evocations
  7799 | D:8      | Reached XP level 10. HP: 56/70 MP: 16/20
  7817 | D:8      | Offered knowledge of Static Discharge by Vehumet.
  7823 | D:8      | Learned a level 4 spell: Airstrike
  7828 | D:8      | Learned a level 4 spell: Iskenderun's Mystic Blast
  7849 | D:7      | Reached ** piety under Vehumet
  8023 | D:8      | Noticed Gastronok
  8272 | D:7      | Killed Gastronok
  8521 | D:8      | Found a staircase to the Lair.
  9155 | D:9      | Offered knowledge of Mephitic Cloud by Vehumet.
  9336 | D:9      | Reached *** piety under Vehumet
  9339 | D:9      | Noticed Erolcha
  9461 | D:9      | Reached skill level 5 in Hexes
  9461 | D:9      | Reached skill level 5 in Summonings
  9461 | D:9      | Reached skill level 5 in Necromancy
  9461 | D:9      | Reached skill level 5 in Translocations
  9461 | D:9      | Reached skill level 5 in Transmutations
  9461 | D:9      | Reached skill level 5 in Fire Magic
  9461 | D:9      | Reached skill level 5 in Ice Magic
  9461 | D:9      | Reached skill level 5 in Air Magic
  9461 | D:9      | Reached skill level 5 in Earth Magic
  9461 | D:9      | Reached skill level 5 in Poison Magic
  9514 | D:9      | Reached XP level 11. HP: 44/81 MP: 18/22
  9554 | D:9      | Found a staircase to the Orcish Mines.
  9670 | D:9      | Noticed a centaur warrior
  9676 | D:9      | Killed a centaur warrior
 10062 | D:9      | Offered knowledge of Frozen Ramparts by Vehumet.
 10435 | D:10     | Entered Level 10 of the Dungeon
 10437 | D:10     | Gained mutation: You have sharp toenails. [potion of
                  | mutation]
 10437 | D:10     | Gained mutation: You occasionally shout uncontrollably at
                  | your foes. [potion of mutation]
 10437 | D:10     | Gained mutation: You passively map a small area around you.
                  | [potion of mutation]
 10696 | D:10     | Noticed Urug
 10698 | D:10     | Reached skill level 9 in Conjurations
 10705 | D:10     | Killed Urug
 10804 | D:10     | Noticed a two-headed ogre
 10817 | D:10     | Killed a two-headed ogre
 10958 | D:10     | Found a transporter.
 10959 | D:10     | Noticed a manticore
 10961 | D:10     | Noticed an ogre mage
 11025 | D:10     | Found a transporter.
 11027 | D:10     | Noticed a centaur warrior
 11320 | D:10     | Found a white marble altar of Elyvilon.
 11412 | D:10     | Upgraded the game from 0.30.0-3-ga4e48a9924 to
                  | 0.30.0-5-g1a98f26d00
 11415 | D:10     | Noticed a manticore
 11419 | D:10     | Shot with an arrow by a centaur warrior

Illustrated notes

Levels and vault maps discovered:
D:1:      minmay_arrival_checkered_box, layout_rooms,
          amcnicky_mini_corridor_feature, nicolae_eternal_life
D:2:      layout_basic
D:3:      layout_loops_cross, grunt_ministairs_6, uniq_terence
D:4:      layout_loops_cross
D:5:      layout_loops_ring, temple_hall, serial_shops, shop
D:6:      layout_basic
D:7:      layout_basic, kennysheep_little_box, nicolae_qazlal_beasts_of_the_sky,
          kennysheep_mini_moat, serial_shops, nicolae_shop_drivethru, shop,
          nicolae_shop_stone, serial_curves, eino_curves_01, eino_curves_03,
          enter_bailey_4, uniq_maggie, uniq_crazy_yiuf_cottage
D:8:      layout_basic, erik_lair_island, uniq_gastronok
D:9:      layout_basic, david_orc_3, uniq_erolcha
D:10:     gammafunk_sealed_arena, layout_small_grid, lemuel_doored_altar,
          grunt_decor_junction, uniq_urug
Temple:   regret_index_temple_mists

Skill      XL: |  1  2  3  4  5  6  7  8  9 10 11 |
---------------+----------------------------------+-----
Spellcasting   | 5 6 7 8 |  8.5
Invocations    | 1 2 3 4 5 6 7 |  7.3
Fighting       | 1 2 3 5 6 |  6.7
Short Blades   | 1 2 3 5 6 |  6.7
Long Blades    | 1 2 3 5 6 |  6.7
Axes           | 1 2 3 5 6 |  6.7
Maces & Flails | 1 2 3 5 6 |  6.7
Polearms       | 1 2 3 5 6 |  6.7
Staves         | 1 2 3 5 6 |  6.7
Ranged Weapons | 1 2 3 5 6 |  6.7
Throwing       | 1 2 3 5 6 |  6.7
Armour         | 1 2 3 5 6 |  6.7
Shields        | 1 2 3 5 6 |  6.7
Unarmed Combat | 1 2 3 5 6 |  6.7
Evocations     | 1 2 3 5 6 |  6.7
Hexes          | 1 2 3 4 5 |  5.5
Summonings     | 1 2 3 4 5 |  5.5
Necromancy     | 1 2 3 4 5 |  5.5
Translocations | 1 2 3 4 5 |  5.5
Transmutations | 1 2 3 4 5 |  5.5
Fire Magic     | 1 2 3 4 5 |  5.5
Ice Magic      | 1 2 3 4 5 |  5.5
Air Magic      | 1 2 3 4 5 |  5.5
Earth Magic    | 1 2 3 4 5 |  5.5
Poison Magic   | 1 2 3 4 5 |  5.5
Dodging        | 5 6 7 8 |  8.2
Stealth        | 5 6 7 8 |  8.0
Conjurations   | 8 9 |  9.1

Action                     |  1- 3 |  4- 6 |  7- 9 | 10-12 || total
---------------------------+-------+-------+-------+-------++-------
  Melee: Dagger            |     6 |    15 |    31 |       ||    52
         Bite              |     3 |     2 |     4 |       ||     9
         Punch             |       |     1 |       |       ||     1
   Fire: Shortbow          |       |       |    10 |   109 ||   119
   Cast: Magic Dart        |    72 |    40 |    86 |    26 ||   224
         Momentum Strike   |       |     7 |     8 |     5 ||    20
         Searing Ray       |       |     5 |    41 |    31 ||    77
         Blink             |       |     1 |     1 |     1 ||     3
         Kiss of Death     |       |       |     7 |     4 ||    11
         Airstrike         |       |       |       |    29 ||    29
         Iskenderun's Myst |       |       |       |    13 ||    13
  Evoke: Wand              |       |     3 |     2 |    16 ||    21
    Use: Scroll            |     6 |     4 |     6 |     4 ||    20
         Potion            |       |     3 |     3 |    11 ||    17
   Stab: Sleeping          |       |     1 |       |       ||     1
 Armour: Robe              |     4 |       |       |       ||     4
         Leather armour    |       |    12 |    26 |       ||    38
         Ring mail         |       |     2 |       |       ||     2
         Acid dragon scale |       |       |    10 |    61 ||    71
  Dodge: Dodged            |     8 |    18 |    84 |    97 ||   207
